Map: Cinder Fortress

Players

wasp - Winner!

  • Race: Protoss Protoss
  • Spawn Location: 5:00

A.I. 1 (Hard)

  • Race: Zerg Zerg
  • Spawn Location: 3:00

larsgj - Winner!

  • Race: Terran Terran
  • Spawn Location: 6:00

VOD

Have the link to the VOD?

Description

Time

  • Played on: Jan. 23, 2019, 11:40 a.m.
  • Length: 5:57
Show
View Real Time Build Order
Export as new Build Order

wasp Protoss - Winner!

Build Orders: Double Forge 

Get SALT Encoding   

  12  0:13  Assimilator  
  12  0:21  Pylon  
  12  0:32  Pylon  
  12  0:48  Gateway  
  12  1:35  Zealot  
  14  1:52  Forge  
  14  2:03  Zealot  
  16  2:11  Pylon  
  16  2:16  Gateway  
  16  2:23  Probe  
  17  2:30  Zealot  
  17  2:35  Probe  
  20  2:42  Forge  
  20  2:47  Probe  
  21  2:57  Zealot  
  23  3:04  Zealot  
  25  3:24  Zealot  
  25  3:25  Pylon  
  27  3:31  Zealot  
  19  4:18  Photon Cannon  
  19  4:32  Zealot x2  
  19  4:52  Cybernetics Core  
  19  4:58  Probe  
  19  4:59  Zealot x2  
  24  5:10  Probe  
  25  5:26  Zealot x2  
Show
View Real Time Build Order
Export as new Build Order

A.I. 1 (Hard) Zerg 

Build Orders: 1 Base Baneling Bust, Pool Only, Zergling Baneling 

Get SALT Encoding   

  12  0:00  Drone  
  13  0:12  Overlord  
  13  0:16  Drone  
  14  0:30  Drone  
  14  0:32  Drone  
  16  0:43  Spawning Pool  
  16  0:45  Drone  
  16  0:49  Drone  
  17  0:52  Extractor  
  17  0:55  Drone  
  17  1:06  Overlord  
  17  1:31  Queen, Zergling x4  
  21  1:37  Roach Warren  
  21  1:38  Drone  
  21  1:44  Extractor  
  20  1:49  Baneling Nest  
  20  1:53  Drone  
  20  1:59  Drone  
  21  2:10  Drone  
  22  2:21  Zergling x2  
  23  2:32  Drone  
  23  2:33  Baneling x2  
  23  2:34  Baneling  
  24  2:37  Overlord, Zergling x4  
  26  2:44  Zergling x2  
  27  2:54  Drone  
  28  3:05  Zergling x2  
  29  3:09  Overlord  
  29  3:10  Zergling x4  
  31  3:17  Zergling x2, Baneling x2  
  32  3:25  Baneling  
  32  3:27  Zergling x2  
  33  3:37  Evolution Chamber  
  33  3:38  Drone  
  33  3:41  Drone, Zergling x2  
  35  3:42  Drone  
  35  3:50  Zergling x2  
  32  4:01  Zergling x2  
  30  4:11  Zergling x2  
  30  4:13  Zergling x6  
  30  4:15  Baneling x4  
  32  4:23  Zergling x2  
  31  4:34  Evolution Chamber  
  31  4:35  Lair  
  26  4:41  Drone  
  22  5:12  Zergling x2  
  23  5:16  Zergling x2  
  23  5:20  Zergling x2  
  25  5:23  Zergling x2  
  24  5:28  Zergling x2  
  18  5:37  Drone  
  13  5:47  Spire  
Show
View Real Time Build Order
Export as new Build Order

larsgj Terran - Winner!

Build Orders:  

Get SALT Encoding   

  12  0:03  SCV  
  13  0:20  Supply Depot  
  13  0:24  SCV  
  14  0:36  SCV  
  15  0:45  Barracks  
  15  0:48  SCV  
  16  1:00  SCV  
  17  1:13  SCV, Supply Depot  
  18  1:25  SCV  
  19  1:26  Supply Depot  
  19  1:37  SCV  
  20  1:42  Refinery  
  20  1:45  Marine  
  21  1:49  SCV  
  21  1:52  Barracks  
  22  2:03  Marine, Supply Depot  
  23  2:09  SCV  
  24  2:20  Marine  
  24  2:21  SCV  
  26  2:22  Refinery  
  26  2:33  SCV  
  26  2:34  Bunker  
  27  2:38  Marine  
  28  2:44  Marine  
  28  2:46  SCV  
  30  2:56  Marine  
  30  2:58  SCV  
  32  3:02  Marine  
  33  3:05  Bunker  
  33  3:10  SCV  
  34  3:14  Marine  
  35  3:20  Marine  
  35  3:22  SCV  
  37  3:28  Supply Depot  
  37  3:32  Marine  
  38  3:34  SCV  
  38  3:37  Marine  
  38  3:38  Barracks  
  40  3:46  SCV  
  41  3:49  Marine  
  41  3:55  Marine  
  42  3:58  SCV  
  43  4:07  Marine  
  42  4:13  Marine  
  43  4:25  Marine  
  43  4:31  Marine  
  41  4:43  Marine  
  42  4:49  Marine  
  43  5:01  Marine  
  43  5:06  Marine  
  45  5:18  Marine  
  45  5:24  Marine  
  46  5:36  Marine  
Tags
 
Add a new tag
Caveats
  • Supply blocks, unpowered buildings, or Contaminate may cause inaccurate times.
  • Supply counts are checked every 10 seconds.